 Dungeon Crawl Stone Soup version 0.31-a0-37-g98a128e1d9 (webtiles) character file.

Game seed: 14621851541790026328

2068 frimble the Slasher (level 9, -3/69 HPs)
             Began as a Gnoll Reaver on May 16, 2023.
             Was a Follower of Cheibriados.
             Slain by an orc
             ... wielding a +0 short sword
              (4 damage)
             ... while paralysed by a hornet
             ... on level 7 of the Dungeon.
             The game lasted 00:11:29 (6523 turns).

frimble the Slasher (Gnoll Reaver)                  Turns: 6523, Time: 00:11:29

Health: -3/69      AC:  7    Str: 18    XL:     9   Next: 26%
Magic:  18/18      EV:  2    Int: 21    God:    Cheibriados [*.....]
Gold:   224        SH:  0    Dex: 26    Spells: 20/21 levels left

rFire   . . .        x - +1 dagger (holy)
rCold   . . .        (no shield)
rNeg    . . .        F - +2 robe of Fedhas's Hope {rCorr Str+5 Int+3 Stlth+}
rPois   .            l - +0 helmet
rElec   .            (no cloak)
rCorr   +            p - +0 pair of gloves
SInv    .            m - +0 pair of boots
Will    .....        f - amulet of reflection
Stlth   ++++         e - +6 ring of dexterity
HPRegen 0.31/turn    v - +6 ring of dexterity
MPRegen 0.16/turn

%: reflection
@: paralysed, lethally poisoned (-3 -> -18), slowed, very slow
A: fangs 1, strong nose, distributed training
a: Renounce Religion, Bend Time


You were on level 7 of the Dungeon.
You worshipped Cheibriados.
Cheibriados was aware of your devotion.
You visited 2 branches of the dungeon, and saw 8 of its levels.

You collected 400 gold pieces.
You spent 176 gold pieces at shops.

Inventory:

Hand Weapons
 x - a +1 dagger of holy wrath (weapon)
 y - a +0 heavy falchion
 C - the +6 dagger "Piuhihiu" {flame, rElec Str+3}
   (You found it on level 5 of the Dungeon)

   Str:       It affects your strength (+3).
   rElec:     It insulates you from electricity.
Missiles
 A - a curare-tipped dart (quivered)
Armour
 l - a +0 helmet (worn)
 m - a +0 pair of boots (worn)
 p - a +0 pair of gloves (worn)
 F - the +2 robe of Fedhas's Hope (worn) {rCorr Str+5 Int+3 Stlth+}
   (You found it on level 6 of the Dungeon)

   Str:       It affects your strength (+5).
   Int:       It affects your intelligence (+3).
   rCorr:     It protects you from acid and corrosion.
   Stlth:     It makes you more stealthy.
Jewellery
 e - a +6 ring of dexterity (left hand)
 f - an amulet of reflection (around neck)
 j - a ring of see invisible
 v - a +6 ring of dexterity (right hand)
 D - a ring of resist corrosion
 E - a ring of magical power
Wands
 d - a wand of light (3)
Scrolls
 s - a scroll of amnesia {unknown}
 t - 4 scrolls of identify
 w - a scroll of fog
 z - 2 scrolls of noise {unknown}
Potions
 c - 2 potions of brilliance
 g - a potion of flight {unknown}
 h - a potion of heal wounds
 i - a potion of curing {unknown}
 n - a potion of invisibility {unknown}
 q - 2 potions of ambrosia {unknown}
 r - 2 potions of degeneration {unknown}
 u - a potion of berserk rage {unknown}
 B - 2 potions of resistance {unknown}


   Skills:
 + Level 6.3 Fighting
 + Level 4.2 Short Blades
 + Level 7.9 Long Blades
 + Level 4.2 Axes
 + Level 4.2 Maces & Flails
 + Level 4.2 Polearms
 + Level 4.2 Staves
 + Level 4.2 Ranged Weapons
 + Level 4.2 Throwing
 + Level 4.2 Armour
 + Level 6.3 Dodging
 + Level 4.2 Stealth
 + Level 4.2 Shields
 + Level 4.2 Unarmed Combat
 + Level 6.6 Spellcasting
 + Level 6.5 Conjurations
 + Level 3.4 Hexes
 + Level 3.4 Summonings
 + Level 3.4 Necromancy
 + Level 3.4 Translocations
 + Level 3.4 Transmutations
 + Level 3.4 Fire Magic
 + Level 3.4 Ice Magic
 + Level 3.4 Air Magic
 + Level 3.4 Earth Magic
 + Level 3.4 Poison Magic
 + Level 4.6 Invocations
 + Level 4.2 Evocations


You had 20 spell levels left.
You knew the following spells:

 Your Spells              Type           Power      Damage    Failure   Level
a - Kiss of Death         Conj/Necr      100%       2d13      1%          1

Your spell library contained the following spells:

 Spells                   Type           Power      Damage    Failure   Level
 Momentum Strike          Conj/Tloc      56%        3d9       1%          2
 Dazzling Flash           Conj/Hex       56%        N/A       3%          3
 Hailstorm                Conj/Ice       28%        3d8       3%          3
 Agony                    Necr           21%        N/A       52%         5
 Silence                  Hex/Air        10%        N/A       52%         5


Dungeon Overview and Level Annotations

Branches:
Dungeon (7/15)             Temple (1/1) D:5

Altars:
Cheibriados
Dithmenos
Elyvilon
Gozag
Hepliaklqana
Kikubaaqudgha
Makhleb
Okawaru
Qazlal
Ru
Trog
Uskayaw
Wu Jian
Xom
Yredelemnul
Zin
The Shining One

Shops:
D:2 [   D:5 *

Annotations:
D:1 1 transporter, glass case
Temple 4 transporters


Innate Abilities, Weirdness & Mutations

You have very sharp teeth.
Your uncanny sense of smell can sniff out nearby items.
Your experience applies equally to all skills.


Message History

The orc shouts!
You hit the orc. You bite the orc.
The orc is severely wounded.
You block the orc's attack. The orc closely misses you. The shadow hits you.
You hit the shadow but do no damage. Your bite misses the shadow.
The orc hits you with a +0 morningstar. The orc barely misses you.
The shadow completely misses you.
As you read the scroll of teleportation, it crumbles to dust.
You feel strangely unstable. The orc completely misses you.
The shadow hits you. The orc closely misses you.
The orc attacks as you move away! The orc hits you but does no damage.
The orc closely misses you. The hornet closely misses you.
A water moccasin comes into view.
Things that are here:
a +0 club; a +1 leather armour of poison resistance; an orc corpse The orc attacks as you move away!
You block the orc's attack.
Your surroundings seem slightly different.
You block the hornet's attack. You block the orc's attack. The orc misses you.
You block the hornet's attack. The orc misses you. x2
Things that are here:
a +0 club; a +1 leather armour of poison resistance; an orc corpse The hornet stings you.
You are poisoned.
You suddenly lose the ability to move!
The hornet stings you!
* * * LOW HITPOINT WARNING * * *
You are lethally poisoned!
You feel yourself slow down. The orc hits you but does no damage.
* * * LOW HITPOINT WARNING * * *
You feel very sick. The hornet stings you.
* * * LOW HITPOINT WARNING * * *
You feel as though you will be slow longer.
The orc hits you but does no damage. x2; The hornet stings you.
* * * LOW HITPOINT WARNING * * *
You feel as though you will be slow longer.
* * * LOW HITPOINT WARNING * * *
You feel very sick.
The hornet stings you but does no damage.
The orc hits you with a +0 short sword.
You die...

#########
#.......#
#.......#
#.......#
#.......#
#......)#
#......o#
#....Wyo#
....$.o@####
...........##
#.......>$..###
###...........#
..........##.##
..............<#
##.........##..#
#.........##....
..o###..#####.###∆


You could see a hornet, a shadow and 3 orcs.

Vanquished Creatures
  An acid dragon (D:5)
  Duvessa (D:6)
  2 orc warriors (D:6)
  2 ice beasts (D:5)
  2 sky beasts (D:6)
  An ogre (D:4)
  2 phantoms (D:6)
  A wight (D:7)
  Dowan (D:6)
  A howler monkey (D:6)
  3 hounds
  6 orc priests
  3 iguanas
  8 orc wizards
  3 sleepcaps (D:6)
  4 gnolls (D:3)
  11 adders
  A white imp (D:6)
  An ufetubus (D:6)
  2 worms
  2 dart slugs
  37 orcs
  6 ball pythons
  11 endoplasms
  2 giant cockroaches
  12 hobgoblins
  4 jackals (D:3)
  2 quokkas
  9 bats
  2 frilled lizards
  6 goblins
  10 kobolds
  4 rats
163 creatures vanquished.

Notes
Turn   | Place    | Note
-------+----------+-------------------------------------------
     0 | D:1      | frimble the Gnoll Reaver began the quest for the Orb.
     0 | D:1      | Reached XP level 1. HP: 20/20 MP: 6/6
    96 | D:1      | Reached XP level 2. HP: 20/26 MP: 7/7
   315 | D:1      | Reached skill level 5 in Spellcasting
   315 | D:1      | Reached XP level 3. HP: 13/31 MP: 7/9
   619 | D:2      | Reached skill level 1 in Invocations
   650 | D:2      | Reached skill level 1 in Short Blades
   650 | D:2      | Reached skill level 1 in Axes
   650 | D:2      | Reached skill level 1 in Maces & Flails
   650 | D:2      | Reached skill level 1 in Polearms
   650 | D:2      | Reached skill level 1 in Staves
   650 | D:2      | Reached skill level 1 in Ranged Weapons
   650 | D:2      | Reached skill level 1 in Throwing
   650 | D:2      | Reached skill level 1 in Armour
   650 | D:2      | Reached skill level 1 in Stealth
   650 | D:2      | Reached skill level 1 in Shields
   650 | D:2      | Reached skill level 1 in Unarmed Combat
   650 | D:2      | Reached skill level 1 in Evocations
   725 | D:2      | Reached XP level 4. HP: 38/38 MP: 11/11
   725 | D:2      | Found a faded altar of an unknown god.
   799 | D:2      | You fall into a shaft and drop 1 floor!
   813 | D:3      | Found a shimmering altar of Xom.
   877 | D:3      | Found a white marble altar of Elyvilon.
   880 | D:3      | Found a glowing golden altar of the Shining One.
   881 | D:3      | Found a glowing silver altar of Zin.
   904 | D:3      | Reached skill level 1 in Hexes
   904 | D:3      | Reached skill level 1 in Summonings
   904 | D:3      | Reached skill level 1 in Necromancy
   904 | D:3      | Reached skill level 1 in Translocations
   904 | D:3      | Reached skill level 1 in Transmutations
   904 | D:3      | Reached skill level 1 in Fire Magic
   904 | D:3      | Reached skill level 1 in Ice Magic
   904 | D:3      | Reached skill level 1 in Air Magic
   904 | D:3      | Reached skill level 1 in Earth Magic
   904 | D:3      | Reached skill level 1 in Poison Magic
  1121 | D:3      | Reached XP level 5. HP: 17/43 MP: 12/12
  1327 | D:2      | Found Inicyck's Armour Shoppe.
  2241 | D:2      | Bought a +0 helmet for 63 gold pieces
  2241 | D:2      | Bought a +0 pair of boots for 63 gold pieces
  2265 | D:4      | Reached XP level 6. HP: 49/50 MP: 14/14
  2269 | D:4      | Reached skill level 5 in Fighting
  2269 | D:4      | Reached skill level 5 in Dodging
  2700 | D:4      | Reached skill level 7 in Long Blades
  2700 | D:4      | Reached XP level 7. HP: 26/56 MP: 15/15
  3092 | D:5      | Entered Level 5 of the Dungeon
  3190 | D:5      | Found Kynlid's General Store.
  3196 | D:5      | Bought a scroll of teleportation for 30 gold pieces
  3196 | D:5      | Bought a scroll of identify for 20 gold pieces
  3279 | D:6      | Found an opulent altar of Gozag.
  4037 | D:6      | Noticed Duvessa
  4038 | D:6      | Noticed Dowan
  4054 | D:6      | Killed Duvessa
  4055 | D:6      | Reached XP level 8. HP: 63/63 MP: 16/16
  4067 | D:6      | Killed Dowan
  4406 | D:6      | Found a runed translucent door.
  5610 | D:5      | Identified the +6 dagger "Piuhihiu" {flame, rElec Str+3}
  5771 | D:5      | Found an ancient bone altar of Kikubaaqudgha.
  5830 | D:5      | Found a staircase to the Ecumenical Temple.
  5839 | Temple   | Entered the Ecumenical Temple
  5839 | Temple   | Found a transporter.
  5839 | Temple   | Found a transporter.
  5841 | Temple   | Found a transporter.
  5841 | Temple   | Found a transporter.
  5857 | Temple   | Became a worshipper of Cheibriados the Contemplative
  6095 | D:6      | Reached XP level 9. HP: 62/69 MP: 18/18
  6148 | D:6      | Reached * piety under Cheibriados
  6456 | D:6      | Identified the +2 robe of Fedhas's Hope {rCorr Str+5 Int+3
                  | Stlth+}
  6514 | D:7      | Noticed a hornet
  6521 | D:7      | Paralysed by a hornet for 3 turns
  6522 | D:7      | HP: 3/69 [hornet (3)]
  6523 | D:7      | HP: 1/69 [poisoned by a hornet]
  6523 | D:7      | Slain by an orc

Illustrated notes

Levels and vault maps discovered:
D:1:      spicycebolla_arrival_risky_transporter, layout_basic, minivault_24,
          due_unseen_surprise
D:2:      wad_lake_hut, layout_rooms, serial_shops, nicolae_shop_hallway_stairs,
          nicolae_ecumenical_snake_handling, serial_glass, glass_columns_c,
          glass_columns_a, feat_on_display, st_stairs_11
D:3:      layout_basic, good_gods_temple_1, lemuel_doored_altar
D:4:      layout_rooms, serial_bayou_lagoon_b
D:5:      layout_basic, mainiacjoe_overflow_alcove_1, minmay_temple_entry_mist,
          serial_shops, shop, minmay_misc_feat_doors, kennysheep_dice
D:6:      layout_loops_ring, grunt_gozag_statues, lightli_church_of_beogh,
          uniq_duvessa
D:7:      layout_rooms, ashenzari_conservatory_becter,
          nicolae_overflow_hidden_temple, vehumet_statue, uniq_maggie
Temple:   hellmonk_temple_divided_pantheon

Skill      XL: |  1  2  3  4  5  6  7  8 |
---------------+-------------------------+-----
Spellcasting   | 5 6 |  6.6
Invocations    | 1 2 3 4 |  4.6
Short Blades   | 1 2 3 4 |  4.2
Axes           | 1 2 3 4 |  4.2
Maces & Flails | 1 2 3 4 |  4.2
Polearms       | 1 2 3 4 |  4.2
Staves         | 1 2 3 4 |  4.2
Ranged Weapons | 1 2 3 4 |  4.2
Throwing       | 1 2 3 4 |  4.2
Armour         | 1 2 3 4 |  4.2
Stealth        | 1 2 3 4 |  4.2
Shields        | 1 2 3 4 |  4.2
Unarmed Combat | 1 2 3 4 |  4.2
Evocations     | 1 2 3 4 |  4.2
Hexes          | 1 2 3 |  3.4
Summonings     | 1 2 3 |  3.4
Necromancy     | 1 2 3 |  3.4
Translocations | 1 2 3 |  3.4
Transmutations | 1 2 3 |  3.4
Fire Magic     | 1 2 3 |  3.4
Ice Magic      | 1 2 3 |  3.4
Air Magic      | 1 2 3 |  3.4
Earth Magic    | 1 2 3 |  3.4
Poison Magic   | 1 2 3 |  3.4
Fighting       | 5 6 |  6.3
Dodging        | 5 6 |  6.3
Long Blades    | 7 |  7.9
Conjurations   | 6 |  6.5

Action                     |  1- 3 |  4- 6 |  7- 9 || total
---------------------------+-------+-------+-------++-------
  Melee: Falchion          |    98 |    35 |    70 ||   203
         Bite              |     6 |    24 |    47 ||    77
         Dagger            |       |   164 |   265 ||   429
         Punch             |       |     5 |    11 ||    16
  Throw: Dart              |       |     3 |     4 ||     7
  Evoke: Wand              |       |       |     2 ||     2
    Use: Scroll            |     4 |     3 |     2 ||     9
         Potion            |       |       |     2 ||     2
   Stab: Sleeping          |     2 |     1 |     7 ||    10
         Invisible         |       |       |     2 ||     2
         Distracted        |       |       |     1 ||     1
 Armour: Leather armour    |    29 |    30 |    72 ||   131
         Robe              |       |       |     5 ||     5
  Dodge: Dodged            |    66 |   124 |   167 ||   357
  Block: Other             |    10 |    37 |    68 ||   115
         Reflection        |       |     1 |     1 ||     2

Table legend: (Time is in decaauts)
 A = Elapsed time spent in this place.
 B = Non-inter-level travel time spent in this place.
 C = Inter-level travel time spent in this place.
 D = Time resting spent in this place.
 E = Time spent auto-exploring this place.
 F = Levels seen in this place.
 G = Mean time per level.
                   A        B        C        D        E       F      G
               +--------+--------+--------+--------+--------+-----+--------+
         Total |   6598 |   6211 |    387 |    123 |   4714 |   8 |  824.8 |
       Dungeon |   6554 |   6167 |    387 |    123 |   4711 |   7 |  936.3 |
        Temple |     44 |     44 |      0 |      0 |      3 |   1 |   44.0 |
               +--------+--------+--------+--------+--------+-----+--------+

Top non-repeatable levels by time:
     D:6: 1992 daAuts
     D:5: 1127 daAuts
     D:4: 1098 daAuts
     D:3: 967 daAuts
     D:2: 777 daAuts
     D:1: 555 daAuts
  Temple: 44 daAuts
     D:7: 36 daAuts
